 Dungeon Crawl Stone Soup version 0.31-a0-150-g89dc3ad700 (webtiles) character file.

Game seed: 9544015358054054595

48 qw the Shooter (level 3, 0/30 (31) HPs)
             Began as a Minotaur Hunter on June 8, 2023.
             Slain by Robin
             ... wielding a +0 dagger
              (1 damage)
             ... on level 2 of the Dungeon.
             The game lasted 00:00:21 (929 turns).

qw the Shooter (Minotaur Hunter)                     Turns: 929, Time: 00:00:21

HP:   0/30 (31)     AC:  5    Str: 15    XL:     3   Next: 50%
MP:   2/2           EV: 11    Int:  6    God:
Gold: 39            SH:  0    Dex: 15    Spells: 2/2 levels left

rFire   . . .        Y - +0 shortbow
rCold   . . .        (shield currently unavailable)
rNeg    . . .        g - +0 ring mail
rPois   .            (helmet restricted)
rElec   .            (no cloak)
rCorr   .            (no gloves)
SInv    .            (no boots)
Will    .....        (no amulet)
Stlth   +            (no ring)
HPRegen 0.25/turn    (no ring)
MPRegen 0.08/turn

%: no passive effects
@: brilliant, lethally poisoned (0 -> -6), lightly drained
A: horns 2, retaliatory headbutt
a: no special abilities


You were on level 2 of the Dungeon.
You visited 1 branch of the dungeon, and saw 2 of its levels.

You collected 39 gold pieces.


Innate Abilities, Weirdness & Mutations

You have a pair of horns on your head.
You reflexively headbutt those who attack you in melee.


   Skills:
 - Level 3.0 Fighting
 + Level 5.3 Ranged Weapons
 - Level 1.3 Armour
 - Level 2.1 Dodging
 - Level 0.7 Stealth


You had 2 spell levels left.
You didn't know any spells.
Your spell library was empty.

Inventory:

Hand Weapons
 Y - a +0 shortbow (weapon)
Armour
 g - a +0 ring mail (worn)
Potions
 e - a potion of lignification {unknown}

Dungeon Overview and Level Annotations

Branches:
Dungeon (2/15)

Altars:

Annotations:
D:2 Robin


Message History

The goblin hits you but does no damage. The goblin hits you with a +0 club.
You shoot an arrow.
The arrow hits the goblin but does no damage.
The goblin is severely wounded.
The bat hits you but does no damage.
Robin laughs in a distinctly smug fashion.
Robin barely misses you. You furiously retaliate!
You headbutt Robin! The goblin closely misses you. You furiously retaliate!
You headbutt the goblin.
You kill the goblin!
The goblin barely misses you. The goblin hits you but does no damage.
You shoot an arrow. The arrow barely misses the goblin.
The bat hits you but does no damage.
Robin drinks a potion.
Robin is healed!
The goblin misses you. The goblin barely misses you.
The goblin hits you with a +0 club.
You shoot an arrow. The arrow misses the goblin.
The bat barely misses you. Robin hits you but does no damage.
The goblin closely misses you. The goblin hits you with a +0 club.
The goblin hits you but does no damage. The goblin completely misses you. x2
Robin misses you. The bat hits you but does no damage. The goblin misses you.
You shoot an arrow. The arrow hits the goblin.
You kill the goblin!
The bat hits you but does no damage. x2; The bat hits you.
Robin hits you but does no damage. The goblin hits you but does no damage.
The goblin hits you with a +0 club. The rat bites you but does no damage.
You shoot an arrow. The arrow hits Robin!
Robin is heavily wounded.
The bat hits you but does no damage. Robin hits you with a +0 dagger.
The goblin hits you with a +0 club. The rat barely misses you.
You shoot an arrow.
The arrow hits Robin but does no damage.
Robin is heavily wounded.
Robin throws the goblin at you! The goblin hits you with a +0 club.
The goblin hits you with a +2 dagger of venom.
You are lethally poisoned!
The rat barely misses you. The goblin hits you with a +0 club.
You shoot an arrow. The arrow hits Robin.
Robin is severely wounded.
You feel very sick. The goblin hits you with a +0 club.
Robin hits you with a +0 dagger.
You die...

#. .# #.## .#
g..# .# gg.#.#
g... ..#
##.#####
..#####gg....#
......g@gg...#
#.#####gr....#
#b......#
##........
.........
.........
.........
)...$..


You could see Robin, 5 goblins, a bat and a rat.

Vanquished Creatures
  An adder (D:2)
  An endoplasm (D:1)
  A giant cockroach (D:1)
  10 goblins
  7 hobgoblins
  2 quokkas (D:1)
  4 ball pythons (D:1)
  A bat (D:1)
  A frilled lizard (D:1)
  3 kobolds (D:1)
  4 rats (D:1)
35 creatures vanquished.

Notes
Turn   | Place    | Note
-------+----------+-------------------------------------------
     0 | D:1      | qw the Minotaur Hunter began the quest for the Orb.
     0 | D:1      | Reached XP level 1. HP: 18/18 MP: 0/0
     0 | D:1      | 0 ||| qw: Version: 0.2-a-120-gdf1a93b
     0 | D:1      | 0 ||| qw: Game counter: 2993
     0 | D:1      | 0 ||| qw: Always use a shield: true
     0 | D:1      | 0 ||| qw: God list: Okawaru
     0 | D:1      | 0 ||| qw: Allow faded altars: false
     0 | D:1      | 0 ||| qw: Do Orc after D:15 true
     0 | D:1      | 0 ||| qw: Do second Lair branch before Depths: true
     0 | D:1      | 0 ||| qw: Lair rune preference: random
     0 | D:1      | 0 ||| qw: Plans: Normal
     0 | D:1      | 0 ||| PLANNING D:1-11
   211 | D:1      | Reached XP level 2. HP: 25/25 MP: 1/1
   247 | D:1      | Reached skill level 5 in Ranged Weapons
   447 | D:1      | Reached skill level 3 in Fighting
   529 | D:1      | Found a faded altar of an unknown god.
   746 | D:1      | Reached XP level 3. HP: 29/29 MP: 2/2
   880 | D:1      | 880 ||| UPGRADING to +0 ring mail.
   890 | D:1      | 890 ||| DROPPING +0 leather armour.
   891 | D:1      | 891 ||| READING scroll labelled FASCHUU RAYNNO.
   892 | D:1      | 892 ||| READING scroll labelled BYAJYO RIQESK.
   893 | D:1      | 893 ||| DRINKING 2 sapphire potions.
   894 | D:1      | 894 ||| DROPPING scroll of butterflies.
   895 | D:1      | 895 ||| DROPPING potion of brilliance.
   913 | D:2      | Noticed Robin
   915 | D:2      | 915 ||| Stepping ~*~*~tactically~*~*~ (outnumbered).
   919 | D:2      | Reached skill level 1 in Armour
   928 | D:2      | HP: 7/30 [goblin/+0 club[Robin] (2)]
   929 | D:2      | HP: 1/30 [goblin/+0 club[Robin] (3)]
   929 | D:2      | Slain by Robin

Levels and vault maps discovered:
D:1:      lordsloth_arrival_two_stooges, layout_loops_corners,
          ebering_ecumenical_altar_petrified
D:2:      layout_rooms, minmay_tall_x, uniq_jessica, uniq_robin, uniq_terence

Skill      XL: |  1  2  3 |
---------------+----------+-----
Ranged Weapons | 5 |  5.3
Fighting       | 3 |  3.0
Armour         | 1 |  1.3
Dodging        | |  2.1
Stealth        | |  0.7

Action                     || total
---------------------------++-------
   Fire: Shortbow          ||    90
    Use: Scroll            ||     2
         Potion            ||     1
 Armour: Leather armour    ||     5
         Ring mail         ||    30
  Dodge: Dodged            ||    44

Table legend:
 A = Non-vault XP
 B = Vault XP
 C = Vault XP percentage of total XP
 D = Non-vault monster count
 E = Vault monster count
 F = Vault count percentage of total count
                 A         B        C        D         E       F
            +---------+---------+-------+---------+---------+-------
      Total |      55 |      14 |  20.3 |      28 |       7 |  20.0
            +---------+---------+-------+---------+---------+-------
        D:1 |      42 |       0 |   0.0 |      27 |       0 |   0.0
        D:2 |      13 |      14 |  51.9 |       1 |       7 |  87.5
            +---------+---------+-------+---------+---------+-------
